Map: Deathaura LE

Players

LiquidMaNa (MaNa) - Winner!

  • Race: Protoss Protoss
  • League: Grandmaster
  • Spawn Location: 5:00

Ziggy

  • Race: Terran Terran
  • Spawn Location: 11:00

Event: DreamHack SC2 Masters 2020 Winter

VOD

Have the link to the VOD?

Description

Time

  • Played on: Oct. 21, 2020, 12:23 p.m.
  • Length: 9:47

All games in this series

Show
View Real Time Build Order
Export as new Build Order

LiquidMaNa Protoss - Winner!

Build Orders: Blink Stalkers 

Get SALT Encoding   

  12  0:00  Probe  
  13  0:12  Probe  
  14  0:17  Pylon  
  14  0:24  Probe (Chrono Boost)  
  15  0:36  Probe (Chrono Boost)  
  15  0:38  Gateway  
  16  0:44  Assimilator  
  16  0:45  Probe (Chrono Boost)  
  17  0:53  Probe  
  18  1:05  Probe  
  19  1:17  Probe  
  20  1:26  Cybernetics Core  
  20  1:30  Probe  
  21  1:37  Assimilator  
  21  1:42  Probe  
  22  1:53  Nexus  
  22  1:58  Pylon  
  22  2:00  Probe  
  23  2:13  Probe, Adept (Chrono Boost)  
  23  2:16  Warp Gate  
  25  2:25  Probe  
  26  2:33  Twilight Council, Adept (Chrono Boost)  
  28  2:38  Probe  
  29  2:50  Probe  
  30  3:03  Robotics Facility  
  30  3:05  Adept  
  32  3:06  Probe x2  
  34  3:13  Blink  
  34  3:18  Probe x2  
  36  3:29  Gateway  
  36  3:33  Gateway  
  36  3:35  Stalker (Chrono Boost)  
  38  3:43  Pylon  
  38  3:46  Probe  
  38  3:47  Probe  
  40  3:52  Observer  
  41  3:57  Pylon  
  41  4:02  Probe x2  
  43  4:03  Pylon  
  43  4:07  Stalker  
  39  4:17  Probe x2 (Chrono Boost)  
  39  4:23  Stalker  
  43  4:30  Probe x2 (Chrono Boost)  
  45  4:31  Warp Prism (Chrono Boost)  
  45  4:36  Probe (Chrono Boost)  
  45  4:37  Probe (Chrono Boost)  
  49  4:44  Probe  
  50  4:46  Stalker  
  50  4:48  Probe  
  53  4:56  Probe  
  50  5:00  Probe  
  48  5:09  Probe  
  48  5:12  Probe  
  48  5:13  Stalker  
  48  5:14  Stalker  
  54  5:21  Probe  
  55  5:24  Probe, Stalker  
  55  5:28  Observer  
  57  5:33  Probe  
  57  5:36  Probe  
  57  5:40  Robotics Bay  
  57  5:42  Assimilator  
  58  5:43  Assimilator  
  58  5:45  Probe  
  58  5:48  Probe  
  60  5:52  Observer  
  60  5:57  Probe  
  60  6:00  Probe, Pylon  
  62  6:18  Probe x2  
  63  6:23  Colossus (Chrono Boost)  
  63  6:29  Pylon  
  63  6:30  Probe  
  63  6:32  Extended Thermal Lance  
  70  6:47  Probe x2  
  72  6:50  Pylon, Sentry  
  74  6:59  Probe x2  
  76  7:04  Colossus (Chrono Boost)  
  76  7:09  Nexus  
  76  7:11  Probe x2, Charge (Chrono Boost)  
  84  7:18  Gateway  
  84  7:21  Gateway  
  84  7:23  Probe x2  
  84  7:28  Pylon  
  84  7:29  Pylon  
  86  7:46  Probe, Sentry x2  
  86  7:47  Colossus (Chrono Boost)  
  86  7:50  Probe, Shield Battery  
  98  8:02  Shield Battery  
  98  8:04  Probe x2  
  100  8:08  Sentry  
  102  8:18  Pylon  
  102  8:21  Probe x3  
  102  8:23  Zealot x4  
  114  8:27  Observer  
  114  8:36  Pylon  
  114  8:48  Stalker x3  
  116  8:49  Zealot x2  
  122  9:09  Zealot x2  
  118  9:13  Zealot x3  
  112  9:21  Gateway  
  112  9:23  Gateway  
  112  9:27  Gateway  
Show
View Real Time Build Order
Export as new Build Order

Ziggy Terran 

Build Orders: Gas First Reaper Expand, Liberator Opening 

Get SALT Encoding   

  12  0:00  SCV  
  13  0:12  SCV  
  14  0:17  Supply Depot  
  14  0:24  SCV  
  14  0:27  Refinery  
  15  0:38  SCV  
  16  0:43  Barracks  
  16  0:50  SCV  
  17  1:02  SCV  
  18  1:14  SCV  
  19  1:30  Engineering Bay  
  19  1:31  Reaper, Orbital Command  
  20  1:51  Command Center  
  20  1:57  SCV  
  21  2:03  Factory  
  21  2:05  Barracks Reactor  
  21  2:09  SCV  
  22  2:17  Supply Depot  
  22  2:21  SCV  
  23  2:23  Refinery  
  23  2:39  SCV  
  24  2:48  Starport  
  25  2:51  SCV  
  25  2:53  Hellion  
  25  2:54  Hellion  
  29  3:03  SCV, Orbital Command  
  30  3:15  SCV, Hellion x2  
  35  3:21  Orbital Command  
  35  3:25  Medivac  
  37  3:30  SCV  
  37  3:31  Barracks  
  38  3:45  SCV  
  38  3:46  Factory Tech Lab  
  39  3:49  Engineering Bay, Marine x2  
  39  3:54  SCV  
  39  3:55  Liberator  
  45  4:07  SCV, Marine x2  
  46  4:19  Missile Turret  
  46  4:22  SCV x2, Supply Depot, Siege Tank  
  51  4:24  Marine  
  51  4:25  Marine  
  51  4:29  Bunker  
  53  4:32  Barracks Tech Lab  
  53  4:34  SCV  
  54  4:43  SCV  
  54  4:44  Marine x2  
  57  4:46  SCV  
  54  4:54  Marine, Siege Tank  
  54  4:56  SCV  
  54  4:58  Stimpack  
  55  5:04  SCV  
  55  5:06  Marine x2  
  57  5:09  Terran Infantry Weapons Level 1  
  57  5:10  SCV  
  57  5:13  Refinery  
  58  5:15  Supply Depot  
  58  5:16  SCV  
  59  5:23  SCV  
  60  5:28  SCV  
  60  5:29  Marine x2  
  60  5:30  Marine  
  60  5:35  SCV  
  62  5:36  Siege Tank  
  62  5:40  SCV, Supply Depot  
  66  5:46  Barracks  
  66  5:47  SCV  
  66  5:48  Marine x2  
  69  5:53  SCV  
  68  5:59  SCV  
  69  6:05  SCV, Marine  
  69  6:06  Marine x2  
  69  6:08  Siege Tank  
  73  6:11  SCV  
  73  6:17  SCV  
  75  6:21  Refinery  
  75  6:23  SCV, Marine  
  75  6:24  Starport Reactor, Marine  
  78  6:29  Barracks  
  78  6:31  Barracks  
  78  6:35  SCV  
  78  6:37  Supply Depot x2  
  78  6:39  Combat Shield  
  78  6:40  Marine  
  78  6:41  Marauder  
  78  6:42  SCV  
  78  6:46  Barracks Tech Lab  
  79  6:47  SCV  
  79  6:52  Marine  
  79  6:53  Siege Tank  
  84  6:55  SCV  
  84  6:58  Marine  
  86  7:02  Marauder  
  86  7:07  Medivac  
  86  7:08  Medivac, Marine  
  91  7:10  Marine  
  91  7:12  Missile Turret  
  93  7:16  Missile Turret  
  93  7:17  Missile Turret  
  93  7:18  Barracks Tech Lab  
  93  7:19  Barracks Tech Lab  
  93  7:22  Supply Depot  
  93  7:24  Supply Depot, Marine  
  93  7:25  Marine  
  95  7:35  Factory Reactor, Marauder  
  95  7:36  Marine x2  
  96  7:39  Medivac  
  96  7:43  Marauder  
  100  7:45  Marauder, Marine  
  100  7:47  Medivac  
  105  7:55  Marauder, Marine  
  105  7:57  Marauder  
  110  8:02  Marine  
  110  8:04  Marauder  
  113  8:07  Marauder, Missile Turret  
  115  8:14  Widow Mine  
  115  8:16  Concussive Shells  
  117  8:20  Supply Depot  
  117  8:23  Supply Depot, Marauder, Widow Mine  
  117  8:24  Supply Depot  
  117  8:26  Marauder  
  123  8:30  Liberator  
  126  8:42  Marauder, Liberator  
  126  8:43  Marine  
  126  8:44  Marauder  
  126  8:46  Marauder  
  136  8:52  Marine  
  133  8:58  Marine  
  133  9:01  Marine  
  126  9:04  Marauder  
  126  9:05  Marine  
  126  9:07  Marine  
  126  9:09  Marine  
  110  9:16  Marauder  
  100  9:19  Marine  
  100  9:22  Widow Mine x2  
  100  9:23  Marauder  
  108  9:24  Marine  
  108  9:25  Marine  
  108  9:27  Marine  
Tags
 
Add a new tag
Caveats
  • Supply blocks, unpowered buildings, or Contaminate may cause inaccurate times.
  • Supply counts are checked every 10 seconds.